 Dungeon Sprint DCSS version 0.27.1-3-gb3d3a73c9e (webtiles) character file.

Game seed: 10091542344972926716

109 JuniperTheExplorer the Skirmisher (level 4, -2/36 HPs)
             Began as an Octopode Fighter on Oct 29, 2021.
             Slain by a neqoxec (4 damage)
             ... in the Dungeon (Sprint II: "The Violet Keep of Menkaure").
             The game lasted 00:00:46 (17 turns).

JuniperTheExplorer the Skirmisher (Octopode Fighter)  Turns: 17, Time: 00:00:46

Health: -2/36      AC:  1    Str: 15    XL:     4   Next: 90%
Magic:  4/4        EV: 13    Int: 10    God:
Gold:   0          SH:  9    Dex: 12    Spells: 3/3 levels left

rFire    . . .     SeeInvis .   a - +0 trident
rCold    . . .     Faith    .   b - +0 kite shield
rNeg     . . .     Spirit   .   (helmet restricted)
rPois    .         Reflect  .   (no amulet)
rElec    .         Harm     .   (no ring)
rCorr    .         Rampage  .   (no ring)
Will     .....     NoTele   +   (no ring)
Stlth    ++........             (no ring)
HPRegen  0.12/turn              (no ring)
MPRegen  0.09/turn              (no ring)
                                (no ring)
                                (no ring)

@: no status effects
A: almost no armour, amphibious, 8 rings, camouflage 1, gelatinous body 1,
(nimble swimmer 1), tentacles
a: no special abilities


You were in the Dungeon.
You visited 1 branch

Inventory:

Hand Weapons
 a - a +0 trident (weapon)
Armour
 b - a +0 kite shield (worn)
Scrolls
 i - a scroll of blinking
Potions
 c - a potion of might
 e - a potion of heal wounds
 f - a potion of haste
 g - 2 potions of magic
 h - a potion of berserk rage


   Skills:
 + Level 6.0 Fighting
 + Level 3.5 Polearms
 + Level 5.7 Dodging
 + Level 5.7 Shields


You had 3 spell levels left.
You didn't know any spells.
Your spell library was empty.

Dungeon Overview and Level Annotations

Branches:
Dungeon (1/1)

Altars:


Innate Abilities, Weirdness & Mutations

You cannot wear most types of armour.
You are amphibious.
You can wear up to eight rings at the same time.
Your skin changes colour to match your surroundings (Stealth+).
Your rubbery body absorbs attacks. (AC +1, EV +1)
((You are camouflaged near water. (Stealth+)))
You have tentacles for arms and can constrict up to eight enemies at once.


Message History

You constrict the neqoxec. The neqoxec hits you!
Ouch! That really hurt!
You hit the neqoxec.
You kill the neqoxec!
The neqoxec gestures at you.
Something tries to feed on your intellect!
The neqoxec closely misses you.
You feel your intelligence returning.
Your Fighting skill gained 3 levels and is now at level 6!
Your Polearms skill increases to level 3!
Your Dodging skill gained 2 levels and is now at level 5!
Your Shields skill gained 2 levels and is now at level 5!
You have reached level 2!
You have reached level 3!
Your experience leads to an increase in your attributes!
Increase (S)trength, (I)ntelligence, or (D)exterity?
You feel agile.
You have reached level 4!
You feel better. The neqoxec closely misses you.
You hit the neqoxec. Your grab misses the neqoxec.
You squeeze the neqoxec, but do no damage.
The neqoxec is lightly wounded.
The neqoxec hits you!
You hit the neqoxec. You grab the neqoxec.
You squeeze the neqoxec, but do no damage.
The neqoxec is moderately wounded.
You constrict the neqoxec. The neqoxec hits you!
* * * LOW HITPOINT WARNING * * *
The neqoxec gestures at you.
Something tries to feed on your intellect!
You hit the neqoxec.
The neqoxec is moderately wounded.
You constrict the neqoxec. The neqoxec gestures at you.
Something tries to feed on your intellect!
You block the neqoxec's attack. The neqoxec closely misses you.
You hit the neqoxec but do no damage.
The neqoxec is heavily wounded.
You constrict the neqoxec. The neqoxec hits you.
You die...

#+# #
##.###s.#
+.<.+s#
##@###..#
#3# # 33.
..##. ###
##


You could see 3 neqoxecs.

Vanquished Creatures
  A neqoxec (D)
1 creature vanquished.

Notes
Turn   | Place    | Note
-------+----------+-------------------------------------------
     0 | D        | JuniperTheExplorer the Octopode Fighter began the quest for
                  | the Orb.
     0 | D        | Reached XP level 1. HP: 16/16 MP: 1/1
     1 | D        | Noticed a scorpion
     1 | D        | Noticed a scorpion
     5 | D        | Noticed a neqoxec
     5 | D        | Noticed a neqoxec
     5 | D        | Noticed a neqoxec
     5 | D        | Noticed a neqoxec
    12 | D        | Killed a neqoxec
    13 | D        | Reached skill level 6 in Fighting
    13 | D        | Reached skill level 5 in Dodging
    13 | D        | Reached skill level 5 in Shields
    13 | D        | Reached XP level 2. HP: 13/25 MP: 2/2
    13 | D        | Reached XP level 3. HP: 16/30 MP: 3/3
    13 | D        | Reached XP level 4. HP: 19/36 MP: 4/4
    17 | D        | Slain by a neqoxec

Illustrated notes

Levels and vault maps discovered:
D:        the_violet_keep_of_menkaure [sprint2_stairs_cluster_1,
          sprint2_shoproom, sprint2_temple, sprint2_basic_supplies,
          sprint2_obstacle_4, sprint2_obstacle_2, sprint2_obstacle_6,
          sprint2_obstacle_3, sprint2_obstacle_7, sprint2_timed_cluster_1,
          sprint2_smallroom_cluster_1, sprint2_smallroom_final_cluster_1,
          sprint2_transparent_cluster_1, sprint2_second_timed_cluster_1,
          sprint2_sniper_area_1, sprint2_heavy_combat_area_1,
          sprint2_mutation_trap_area_1, sprint2_forest_area_1,
          sprint2_light_combat_area_1, sprint2_behind_water_1,
          sprint2_near_end_vault_1]

Skill      XL: |  1 |
---------------+----+-----
Fighting       | 6 |  6.0
Polearms       | 3 |  3.5
Dodging        | 5 |  5.7
Shields        | 5 |  5.7

Action                   |  1- 3 |  4- 6 || total
-------------------------+-------+-------++-------
Melee: Trident           |     7 |     4 ||    11
       Tentacles         |     1 |     2 ||     3
       Constrict         |     1 |     1 ||     2
  Use: Potion            |       |     1 ||     1
Armor: Skin              |     1 |       ||     1
Dodge: Dodged            |     4 |     2 ||     6
Block: Kite shield       |     1 |     1 ||     2
